[Event "Early-Titled-Tuesday-Blitz-January-30-2024"]
[Site "Chess.com"]
[Date "2024.01.30"]
[Round "7"]
[White "mbojan"]
[Black "Njal28"]
[Result "0-1"]
[WhiteElo "2874"]
[BlackElo "3046"]
[TimeControl "180+1"]
[EndTime "9:19:57 PST"]
[Termination "Njal28 won by checkmate"]

1. a3 d5 2. e3 Nf6 3. c4 c6 4. Nf3 Bg4 5. Qb3 Qc7 6. Nc3 e6 7. d4 Nbd7 8. Bd2 Bd6 9. Rc1 Qb8 10. Bd3 O-O 11. e4 Bxf3 12. gxf3 c5 13. e5 cxd4 14. exf6 dxc3 15. Bxc3 Nc5 16. Qc2 g6 17. Be2 Rd8 18. Bd4 Nd7 19. cxd5 exd5 20. Qd2 Be5 21. Qe3 Re8 22.
Bxe5 Rxe5 23. Qd4 Nxf6 24. Kf1 Qd6 25. Bd3 Nh5 26. h4 Rae8 27. b4 Nf4 28. Bb5 Rd8 29. h5 Qf6 30. Qd2 Rxh5 31. Rxh5 Nxh5 32. Qe3 Qh4 33. Ke2 Nf4+ 34. Kd2 Ne6 35. Bd3 d4 36. Qe2 Qg5+ 37. Kd1 Nf4 38. Qf1 Re8 39. Rc7 Qd5 40.
Be4 Qb3+ 41. Kc1 Qxa3+ 42. Kb1 Qxb4+ 43. Kc1 d3 44. Qd1 Qa5 45. Rc4 Re7 46. Qb3 Rc7 47. Rxc7 Qxc7+ 48. Kd2 Qc2+ 49. Qxc2 dxc2 50. Bxb7 h5 51.
Kxc2 h4 52. Bc8 h3 53. Bxh3 Nxh3 54. f4 Nxf4 55. Kc3 Ne6 56. Kb4 Kg7 57. Ka5 Kf6 58.
f4 Kf5 59. Ka6 Kxf4 60. Kxa7 g5 61. Kb8 g4 62. Kc8 g3 63. Kb8 f5 64. Kb7 Ng5 65.
Kb6 g2 66. Kc6 g1=Q 67. Kd5 Qe3 68. Kc4 Kg4 69. Kd5 f4 70. Kd6 f3 71. Kc6 Qe5 72.
Kd7 Qf6 73. Kc8 Qe7 74. Kb8 Qd7 75. Ka8 f2 76. Kb8 f1=Q 77. Ka8 Qf8# 0-1

[Event "Early-Titled-Tuesday-Blitz-January-30-2024"]
[Site "Chess.com"]
[Date "2024.01.30"]
[Round "7"]
[White "Orest_Vovk"]
[Black "Adar_07"]
[Result "1-0"]
[WhiteElo "2507"]
[BlackElo "2633"]
[TimeControl "180+1"]
[EndTime "9:19:57 PST"]
[Termination "Orest_Vovk won by resignation"]

1. g4 d6 2. h3 c5 3. Bg2 Nc6 4. Nf3 e5 5. Nc3 h5 6. g5 d5 7. d3 Nge7 8. Nh4 Be6 9. e4 d4 10. Ne2 Ng6 11. Nxg6 fxg6 12. f4 Bd6 13. O-O Qd7 14.
Kh2 O-O-O 15. fxe5 Nxe5 16. Bf4 Rdf8 17. Qd2 Qe7 18.
Kh1 Qd7 19. Ng1 Rf7 20. Bh2 Rhf8 21. Rxf7 Rxf7 22. Rf1 Rxf1 23. Bxf1 Nf7 24. h4 Qc7 25. Bh3 Bxh3 26. Nxh3 Qd7 27. Qg2 Bxh2 28. Kxh2 Ne5 29. Qg3 Ng4+ 30. Kg1 Ne3 31. c3 dxc3 32. Qxe3 cxb2 33.
Qxc5+ Qc7 34. Qf8+ Qd8 35. Qc5+ Qc7 36. Qf8+ Kd7 37.
Qxg7+ Kc6 38. Qxb2 Qg3+ 39. Qg2 Qxh4 40. Nf2 Qf4 41. d4 Qc1+ 42. Kh2 Qd2 43. d5+ Kd7 44.
Qf3 Qxg5 45. Nd3 Qd2+ 46. Kg3 Qg5+ 47. Kf2 Ke7 48. e5 Qd2+ 49. Kg3 Qg5+ 50. Kf2 Qd2+ 51.
Kf1 Qg5 52. d6+ Ke6 53. Qe4 b6 54. Nf4+ Kf7 55. Qb7+ Kg8 56. Qd5+ Kh8 57. Qe4 Qg4 58. Nxg6+ Qxg6 1-0

[Event "Early-Titled-Tuesday-Blitz-January-30-2024"]
[Site "Chess.com"]
[Date "2024.01.30"]
[Round "7"]
[White "Onthequiet"]
[Black "NelsonLinda"]
[Result "1/2-1/2"]
[WhiteElo "2409"]
[BlackElo "2569"]
[TimeControl "180+1"]
[EndTime "9:19:57 PST"]
[Termination "Game drawn by repetition"]

1. d4 Nf6 2. Nf3 g6 3. Bg5 Bg7 4. Nbd2 d5 5. c3 O-O 6. e3 c5 7. Be2 Qb6 8. Qb3 cxd4 9. Qxb6 axb6 10. exd4 h6 11. Bh4 Nc6 12. O-O Bf5 13. Rfe1 Rfe8 14. Bb5 Kf8 15. Ne5 Rec8 16. Bxf6 Bxf6 17. f4 h5 18. a4 Kg7 19. Nf1 Na5 20. Ne3 Be4 21.
Nd7 Nb3 22. Nxb6 Nxa1 23. Nxc8 Rxc8 24. Rxa1 e6 25. g3 g5 26. fxg5 Bxg5 27. Kf2 h4 28. g4 h3 29. Ke2 Bf4 30. Bd3 Bg2 31. Nxg2 hxg2 32. Rg1 Rh8 33. Rxg2 Rxh2 34. Rxh2 Bxh2 35.
a5 Kf6 36. Bb5 Ke7 37. Kd3 Bf4 38. b3 Bc7 39. a6 bxa6 40. Bxa6 Kd6 41. Bb5 Ba5 42.
c4 dxc4+ 43. bxc4 Bd8 44. c5+ Kc7 45. Be8 f5 46. Bf7 fxg4 47. Bxe6 g3 48. Bh3 Bf6 49. d5 Be7 50. Kc4 Bf8 51. Bg2 Be7 52. Kd4 Bf8 53. Kc4 Be7 54. Kb5 Bf8 55. Bf3 Be7 56.
Be4 Bf8 57. d6+ Bxd6 58. cxd6+ Kxd6 59. Bg2 Ke5 60. Bc6 Kd4 61. Bb7 Ke5 62. Bc6 Kd4 63.
Bb7 Ke3 64. Bc6 Kf4 65. Bb7 Ke5 66. Bc6 1/2-1/2

[Event "Early-Titled-Tuesday-Blitz-January-30-2024"]
[Site "Chess.com"]
[Date "2024.01.30"]
[Round "7"]
[White "Kotofeyca"]
[Black "BeardedNM"]
[Result "1-0"]
[WhiteElo "2378"]
[BlackElo "2195"]
[TimeControl "180+1"]
[EndTime "9:19:57 PST"]
[Termination "Kotofeyca won on time"]

1. d4 e6 2. c4 Nf6 3. Nf3 d5 4. cxd5 exd5 5. Nc3 c6 6. Bg5 Be7 7. Qc2 O-O 8. e3 Nbd7 9. Bd3 Re8 10. O-O Nf8 11. Rab1 a5 12. a3 Ng6 13. b4 Bd6 14. bxa5 Rxa5 15. a4 h6 16. Bxg6 fxg6 17. Bxf6 Qxf6 18. e4 dxe4 19. Nxe4 Qf4 20. Nxd6 Qxd6 21.
Rfe1 Rf8 22. Ne5 Bf5 23. Qb3+ Qd5 24. Qb4 Bxb1 25. Rxb1 Rd8 26. g3 Ra7 27. Nxg6 Qxd4 28. Qb3+ Kh7 29. Nf4 Qe4 30. Rc1 Rxa4 31. Qxb7 Rad4 32.
Rf1 Rd1 33. Qa6 Rxf1+ 34. Qxf1 c5 35. Qc1 c4 36. Ng2 Rd3 37. Ne3 Rxe3 38. fxe3 Qd3 39.
Kf2 c3 40. Qa3 Qd2+ 41. Kf3 Qd1+ 42. Kf4 Qd3 43. Qb3 Qd2 44. Qe6 Qf2+ 45. Kg4 c2 46. Qe4+ Kg8 47. Qe8+ Qf8 48. Qe6+ Qf7 49. Qc8+ Kh7 50.
Qxc2+ Qg6+ 51. Qxg6+ Kxg6 52. Kf4 Kf6 53. h4 g5+ 54.
hxg5+ hxg5+ 55. Kg4 Kg6 56. e4 Kh6 57. Kf5 1-0

[Event "Early-Titled-Tuesday-Blitz-January-30-2024"]
[Site "Chess.com"]
[Date "2024.01.30"]
[Round "7"]
[White "HansOnTwitch"]
[Black "FabianoCaruana"]
[Result "1-0"]
[WhiteElo "3219"]
[BlackElo "3067"]
[TimeControl "180+1"]
[EndTime "9:19:58 PST"]
[Termination "HansOnTwitch won by resignation"]

1. e4 e5 2. Nf3 Nc6 3. Bc4 Nf6 4. d3 Be7 5. O-O O-O 6. Re1 d6 7. a4 Be6 8. Nbd2 Bxc4 9. Nxc4 Re8 10. h3 h6 11. c3 a5 12. Qb3 Qd7 13. Qb5 Bf8 14. Bd2 b6 15. Rad1 Nb8 16. Qb3 Nc6 17. Bc1 Rad8 18. Qb5 Nb8 19. Qb3 Nc6 20. Qb5 Nb8 21. Na3 Nc6 22. Nc2 d5 23. Ne3 d4 24. Nf5 dxc3 25. bxc3 Ne7 26. Qxd7 Nxd7 27. Nxe7+ Bxe7 28.
d4 Bd6 29. Kf1 f6 30. Nh4 Kf7 31. Nf5 Bf8 32. g4 Nb8 33. h4 Nc6 34. h5 Ne7 35.
Ne3 Nc6 36. Nd5 Bd6 37. f3 exd4 38. cxd4 Nb4 39. Nc3 c6 40. Re2 Rd7 41. Be3 Red8 42. Red2 Be7 43. Ke2 Bd6 44. f4 Na6 45. Rc2 Bb4 46. Na2 c5 47. d5 Re8 48. Rc4 Nc7 49. Kf3 Red8 50. Nxb4 axb4 51. a5 bxa5 52. Bxc5 Nb5 53.
Bb6 Ra8 54. e5 Rb7 55. e6+ Ke8 56. d6 Rxb6 57. Rc8+ Rxc8 58. d7+ Kd8 59. e7+ 1-0

[Event "Early-Titled-Tuesday-Blitz-January-30-2024"]
[Site "Chess.com"]
[Date "2024.01.30"]
[Round "7"]
[White "Attacks_Hurricane"]
[Black "maciejbrzeski128"]
[Result "1-0"]
[WhiteElo "2270"]
[BlackElo "2418"]
[TimeControl "180+1"]
[EndTime "9:20:01 PST"]
[Termination "Attacks_Hurricane won by resignation"]

1. e4 c5 2. Nf3 Nc6 3. b4 b6 4.
b5 Nd4 5. c3 Nxf3+ 6. Qxf3 Bb7 7. d3 d5 8. e5 Qd7 9. d4 c4 10. a4 a6 11. Na3 axb5 12. axb5 e6 13. Be2 f6 14. O-O fxe5 15. Qh5+ g6 16. Qxe5 Bg7 17. Qe3 Ne7 18. Bg4 Nf5 19. Bxf5 gxf5 20. Re1 Kf7 21. Bd2 h5 22. Qf3 Bf6 23. Nc2 Qxb5 24. Nb4 Qd7 25. Rab1 Bc6 26. Re2 Ba4 27. Rbe1 Rae8 28. Bf4 Rh7 29. Be5 Bd8 30. Qh3 Rg8 31. Re3 Rg6 32. Rf3 h4 33. Kh1 Be7 34. Na2 Bc2 35. Nc1 Be4 36. Ne2 Bxf3 37. Qxf3 h3 38. g3 Rg4 39. Nf4 Rh6 40. Bb8 b5 41. Ra1 Qb7 42. Be5 Rg8 43. Ne2 Ra8 44. Re1 Ra2 45. Bf4 Rh7 46. Bc1 b4 47. g4 b3 48. gxf5 b2 49. fxe6+ Ke8 50.
Rg1 bxc1=Q 51. Nxc1 Bf8 52. Nxa2 1-0

[Event "Early-Titled-Tuesday-Blitz-January-30-2024"]
[Site "Chess.com"]
[Date "2024.01.30"]
[Round "7"]
[White "ContrVersia"]
[Black "Trojan-Knight"]
[Result "1-0"]
[WhiteElo "2848"]
[BlackElo "2668"]
[TimeControl "180+1"]
[EndTime "9:20:02 PST"]
[Termination "ContrVersia won by resignation"]

1. Nf3 Nf6 2. c4 g6 3. g3 Bg7 4. Bg2 d5 5. cxd5 Nxd5 6. d4 Nb6 7. O-O Nc6 8. e3 O-O 9. Nc3 Re8 10. Re1 a5 11. h3 a4 12. Qe2 e5 13. dxe5 Nxe5 14. Nxe5 Bxe5 15. e4 a3 16. Rd1 Qe7 17. Rb1 Be6 18. f4 axb2 19. Bxb2 Qc5+ 20. Qf2 Qxf2+ 21.
Kxf2 Bxc3 22. Bxc3 Rxa2+ 23. Rd2 Rea8 24. Rxa2 Rxa2+ 25.
Kg1 f5 26. Rd1 c6 27. Rb1 Na4 28. Be5 b5 29. exf5 Bxf5 30. Rc1 Rxg2+ 31. Kxg2 b4 32.
Kf2 b3 33. Rxc6 b2 34. Bxb2 Nxb2 35. g4 Bd7 36. Rd6 Be8 37. Rd4 Na4 38. Ke3 Nc5 39. Rd6 Kf7 40. Kd4 Ne6+ 41. Ke5 Nf8 42. Rf6+ Kg7 43. Ra6 Kf7 44. Ra7+ Kg8 45. Ra8 Kf7 46. Kd6 Bb5 47. Ra7+ Kf6 48. g5+ Kf5 49. Rf7+ Ke4 50.
Rxf8 Bf1 51. h4 Be2 52. Rf7 Bh5 53. Ke6 Bg4+ 54. Kf6 Bf5 55. Rxh7 Kxf4 56. h5 gxh5 57. Rxh5 Kg4 58. Rh1 1-0

[Event "Early-Titled-Tuesday-Blitz-January-30-2024"]
[Site "Chess.com"]
[Date "2024.01.30"]
[Round "7"]
[White "GMKrikor"]
[Black "Anton_Demchenko"]
[Result "1-0"]
[WhiteElo "2821"]
[BlackElo "2938"]
[TimeControl "180+1"]
[EndTime "9:20:03 PST"]
[Termination "GMKrikor won by resignation"]

1. Nf3 Nf6 2. c4 g6 3. Nc3 Bg7 4. e4 O-O 5. d4 d6 6. h3 e5 7. d5 a5 8. g4 Na6 9. Be3 Nc5 10.
Nd2 Bd7 11. Be2 a4 12. h4 c6 13. a3 Ne8 14. h5 cxd5 15. cxd5 Nc7 16. Rg1 b5 17. Rc1 Rb8 18. g5 N7a6 19. h6 Bh8 20. Rg3 f6 21. Kf1 fxg5 22. Bxg5 Bf6 23. Nf3 b4 24.
axb4 Nxb4 25. Bc4 Kh8 26. Qe2 Qe7 27. Kg2 Rf7 28. Bxf6+ Rxf6 29. Ng5 Rbf8 30. f3 Rf4 31.
Rh1 Rb8 32. Qd2 Rff8 33. Rf1 Qf6 34. Ne2 Qe7 35. f4 Rbe8 36. Qxb4 exf4 37. Rxf4 Rxf4 38. Nxf4 Kg8 39. Qc3 Nxe4 40. Nxe4 Qxe4+ 41. Rf3 Re5 42. Bd3 Qe1 43. Qxe1 Rxe1 44. Rf2 Rd1 45. Bc2 Re1 46. Ne6 Bxe6 47. dxe6 Rxe6 48. Bxa4 d5 49. Bb3 Re5 50.
Rd2 Kf8 51. Bxd5 Rh5 52. b4 Rxh6 53. b5 Rh4 54. b6 Rb4 55. b7 Kg7 56. Ra2 h5 57.
Ra8 Rb2+ 58. Kf3 g5 59. b8=Q g4+ 60. Kf4 Rxb8 61. Rxb8 1-0

[Event "Early-Titled-Tuesday-Blitz-January-30-2024"]
[Site "Chess.com"]
[Date "2024.01.30"]
[Round "7"]
[White "ATM622"]
[Black "hmatyi07"]
[Result "1-0"]
[WhiteElo "2457"]
[BlackElo "2206"]
[TimeControl "180+1"]
[EndTime "9:20:05 PST"]
[Termination "ATM622 won by resignation"]

1. d4 Nf6 2. c4 e6 3. g3 d5 4. Bg2 dxc4 5. Nf3 a6 6. O-O Nc6 7. Nc3 Be7 8. Qa4 O-O 9. Qxc4 Rb8 10. Rd1 b5 11. Qd3 Nb4 12. Qb1 Bb7 13. a3 Nbd5 14.
Ne5 Nxc3 15. bxc3 Bxg2 16. Kxg2 Qd5+ 17. f3 c5 18. e4 Qd6 19. Be3 Rfd8 20. Nd3 cxd4 21.
cxd4 Qc7 22. Qc1 Qxc1 23. Rdxc1 Rbc8 24. Kf2 Nd7 25. Ke2 Nb6 26. Ne5 Nc4 27. Nxc4 bxc4 28. Rc3 Rd7 29. Rac1 Rdc7 30. Bf4 Rc6 31. a4 Bb4 32.
R3c2 a5 33. Bd2 c3 34. Be3 Rc4 35. Kd3 Be7 36. Rxc3 Rxc3+ 37. Rxc3 Rxc3+ 38. Kxc3 Bb4+ 39. Kc4 Kf8 40. Kb5 Ke7 41. Bf4 Kd7 42. h3 Be1 43. Bb8 f6 44. g4 g5 45. Ba7 h6 46. Bb6 Bc3 47. Kc4 Be1 48. Kb5 Bc3 49. Bc5 Bd2 50. Kc4 Bb4 51. Bxb4 axb4 52. Kxb4 Kc6 53. Kc4 Kb6 54.
d5 e5 55. a5+ Kxa5 56. Kc5 Ka4 57. d6 1-0

[Event "Early-Titled-Tuesday-Blitz-January-30-2024"]
[Site "Chess.com"]
[Date "2024.01.30"]
[Round "7"]
[White "nihalsarin"]
[Black "Binary010"]
[Result "1-0"]
[WhiteElo "3172"]
[BlackElo "2912"]
[TimeControl "180+1"]
[EndTime "9:20:06 PST"]
[Termination "nihalsarin won on time"]

1. e4 e5 2. Nf3 Nf6 3. Nxe5 d6 4. Nf3 Nxe4 5. Nc3 Nxc3 6. dxc3 Be7 7. Be3 Nc6 8. Qd2 Bf5 9. O-O-O Qd7 10. Bd3 Bxd3 11. Qxd3 a6 12. Rhe1 O-O-O 13. Nd4 Bf6 14. Nxc6 Qxc6 15.
g4 h6 16. Bd4 Bxd4 17. Qxd4 f6 18. Re7 Rd7 19. Re3 Qc5 20. Qf4 Qg5 21. Qf3 Re8 22. Re1 Rde7 23. Kd2 Rxe3 24. Rxe3 Rxe3 25. Qxe3 Qd5+ 26.
Ke2 Kd7 27. b3 h5 28. c4 Qa5 29. Qh3 Kd8 30. Qxh5 Qxa2 31. Qh8+ Kd7 32. Qxg7+ Kc6 33.
Qg6 Qb2 34. Qe4+ Kb6 35. h4 c6 36.
h5 d5 37. cxd5 cxd5 38. Qe3+ d4 39. Qe4 a5 40. h6 a4 41. bxa4 Qa2 42. Qxd4+ Ka6 43.
Qxf6+ Ka7 44. Qd4+ Ka8 45. h7 Qxc2+ 46. Kf3 Qxh7 47.
Kg3 Qc7+ 48. f4 Qc2 49. g5 Qb3+ 50. Kh4 Qe6 51. Qe5 Qc4 52. g6 Qf1 53. Kg5 Qg2+ 54.
Kf6 Qc6+ 55. Kf7 Qd7+ 56. Kf8 Qxa4 57. Qe8+ 1-0

[Event "Early-Titled-Tuesday-Blitz-January-30-2024"]
[Site "Chess.com"]
[Date "2024.01.30"]
[Round "7"]
[White "flomarechot"]
[Black "MathiasWomacka"]
[Result "0-1"]
[WhiteElo "2347"]
[BlackElo "2530"]
[TimeControl "180+1"]
[EndTime "9:20:06 PST"]
[Termination "MathiasWomacka won on time"]

1. Nf3 c5 2. b3 d6 3. d4 cxd4 4. Nxd4 e5 5. Nf3 Nc6 6. Bb2 Nf6 7. c4 d5 8. cxd5 Bb4+ 9. Nc3 Nxd5 10. Rc1 Qa5 11.
Qd2 O-O 12. e4 Nxc3 13. Bxc3 Bxc3 14. Qxc3 Qxc3+ 15. Rxc3 Bg4 16. Bb5 Bxf3 17. Bxc6 Bxg2 18. Rg1 Rac8 19. Rxg2 Rxc6 20. Rxc6 bxc6 21. Rg3 Rd8 22.
Rc3 Rd6 23. Rc5 f6 24. Ra5 Rd7 25. Ra6 Rc7 26. Kd2 Kf7 27. Kc3 Ke6 28. b4 Kd7 29. Kc4 Kc8 30. Ra3 Kb7 31. Rd3 Kb6 32. a4 a5 33. Rd2 axb4 34. Kxb4 c5+ 35. Kc4 Ka5 36. Rd6 h5 37. h4 Rb7 38. Kxc5 Rc7+ 39.
Kd5 Kxa4 40. Ke6 Kb4 41. Rd8 Kc4 42. Rh8 Kd4 43. Rxh5 Kxe4 44. Rh7 Kf3 45. h5 Ra7 46. h6 Ra6+ 47. Kf5 gxh6 48. Rxh6 Kxf2 49. Rh3 Ke2 50. Rh4 Ke3 51. Rh3+ Kd4 52. Rh1 e4 53. Rd1+ Ke3 54. Re1+ Kf3 0-1

[Event "Early-Titled-Tuesday-Blitz-January-30-2024"]
[Site "Chess.com"]
[Date "2024.01.30"]
[Round "7"]
[White "ChessQueen"]
[Black "Msb2"]
[Result "0-1"]
[WhiteElo "2737"]
[BlackElo "3010"]
[TimeControl "180+1"]
[EndTime "9:20:08 PST"]
[Termination "Msb2 won by resignation"]

1. d4 d5 2. Nf3 e6 3. c4 Nf6 4. Nc3 Bb4 5. Qa4+ Nc6 6. e3 O-O 7. Bd2 Qe8 8. Qc2 dxc4 9. Bxc4 e5 10. d5 e4 11. dxc6 exf3 12. gxf3 Qxc6 13. Be2 Be6 14.
Rg1 Rfd8 15. a3 Bf8 16. O-O-O Qb6 17. Na4 Qb3 18. Bc3 Qxc2+ 19. Kxc2 Nd5 20. Bd2 g6 21. e4 Nb6 22. Nxb6 axb6 23. Bg5 Rxd1 24. Rxd1 Bd6 25. h4 Kg7 26. Bd2 h5 27. f4 Be7 28. Bc3+ Kf8 29.
Rh1 Rd8 30. Be5 f6 31. Bc3 f5 32. f3 Kf7 33. Bd3 c5 34. Be1 Bb3+ 35. Kc3 Bf6+ 36. e5 Be7 37. Bf2 Bd5 38. Bc4 Bxc4 39. Kxc4 Rd2 40. Be3 Rxb2 41. Kd5 Rb3 42. Bc1 Rd3+ 43. Kc4 Rxf3 44. Kd5 Rd3+ 45. Kc4 Rd4+ 46. Kb5 c4 47. Kxb6 c3 48. Kxb7 c2 49. Rh2 Rc4 50. Re2 Ke6 51. Kb6 Bxa3 52. Bxa3 c1=Q 53. Bxc1 Rxc1 54. Rg2 Kf7 55.
e6+ Kf6 56. Re2 Ke7 57. Rg2 Kf6 58. Re2 Rc8 59. e7 Re8 60. Kc6 Rxe7 61. Rxe7 Kxe7 62. Kc7 g5 63. fxg5 f4 64. g6 Kf6 0-1

[Event "Early-Titled-Tuesday-Blitz-January-30-2024"]
[Site "Chess.com"]
[Date "2024.01.30"]
[Round "7"]
[White "Djager97"]
[Black "elgrona"]
[Result "1/2-1/2"]
[WhiteElo "2563"]
[BlackElo "2355"]
[TimeControl "180+1"]
[EndTime "9:20:08 PST"]
[Termination "Game drawn by repetition"]

1. e4 c5 2. Nf3 g6 3. c3 Bg7 4. d4 cxd4 5. cxd4 d5 6. e5 Bg4 7. Be3 Nc6 8. Bb5 Rc8 9. Nbd2 Nh6 10. O-O O-O 11. h3 Bxf3 12. Nxf3 Nf5 13. Qd2 Qb6 14. Bxc6 Rxc6 15. Rfc1 Rfc8 16. b3 a5 17. Rxc6 Rxc6 18. Rc1 Nxe3 19. fxe3 Qb4 20. Rxc6 bxc6 21. Qc2 Qb5 22. Kf2 e6 23. Ne1 Bf8 24. Nd3 Be7 25.
Qc3 h5 26. Kf3 Kg7 27. Ke2 g5 28. Kd2 Bb4 29. Nxb4 axb4 30. Qd3 Qa5 31. Qc2 Qa6 32. Ke1 h4 33. Kf2 Kh6 34. e4 dxe4 35. Qxe4 Qxa2+ 36.
Kg1 Qxb3 37. Qxc6 Qd1+ 38. Kh2 Qxd4 39. Qd6 Qf4+ 40. Kh1 b3 41. Qf8+ Kg6 42. Qg8+ Kf5 43. Qxf7+ Kxe5 44. Qc7+ Kf5 45. Qf7+ Ke5 46. Qc7+ Ke4 47. Qc4+ Kf5 48. Qxb3 Qf1+ 49. Kh2 Qf4+ 50. Kh1 e5 51. Qf7+ Ke4 52. Qc4+ Ke3 53. Qc1+ Kf2 54. Qc2+ Kg3 55. Qd3+ Kf2 56. Qc2+ Ke1 57. Qb1+ Ke2 58. Qc2+ Qd2 59. Qe4+ Qe3 60. Qc2+ Kf1 61. Qd1+ Qe1 62. Qf3+ Qf2 63. Qd1+ Qe1 64. Qf3+ Qf2 65.
Qd1+ Qe1 1/2-1/2

[Event "Early-Titled-Tuesday-Blitz-January-30-2024"]
[Site "Chess.com"]
[Date "2024.01.30"]
[Round "7"]
[White "manitodeplomo"]
[Black "Smile2005"]
[Result "1-0"]
[WhiteElo "2673"]
[BlackElo "2451"]
[TimeControl "180+1"]
[EndTime "9:20:09 PST"]
[Termination "manitodeplomo won by checkmate"]

1. d4 Nf6 2. c4 g6 3. Nc3 Bg7 4. e4 d6 5. Be2 O-O 6. Nf3 c6 7. O-O e5 8. Qc2 Nbd7 9. Rd1 Qc7 10. Bf1 a5 11. h3 exd4 12. Nxd4 Nc5 13. f3 Nh5 14. Be3 Ng3 15. Qf2 Nxf1 16. Qxf1 Ne6 17. Qf2 Nxd4 18. Bxd4 Bxd4 19. Rxd4 Be6 20. Rad1 Rad8 21.
b3 f5 22. Kh1 fxe4 23. Nxe4 d5 24. Ng5 Bf5 25. cxd5 Rxd5 26. Rxd5 cxd5 27. g4 Be4 28. Kg2 Qf4 29. Nxe4 dxe4 30. Rf1 e3 31. Qe2 Rd8 32. Rd1 Rxd1 33. Qxd1 Qe5 34. Qe2 Qd4 35.
h4 Qd2 36. Kf1 Qc1+ 37. Qe1 Qc5 38. Ke2 Kf7 39. Qd1 Ke6 40. Qd3 Kf7 41. Qc4+ Qxc4+ 42. bxc4 Ke6 43. Kxe3 Kd6 44. Kd4 b6 45. a4 Ke6 46.
Ke4 h6 47. f4 Kd6 48. f5 gxf5+ 49. Kxf5 Kc5 50. g5 Kxc4 51. gxh6 Kb4 52. h7 Kxa4 53. h8=Q b5 54. Qb8 b4 55. h5 b3 56. h6 Ka3 57. h7 b2 58. h8=Q Ka4 59. Qd4+ Ka3 60. Qdxb2+ Ka4 61. Q2b3# 1-0

[Event "Early-Titled-Tuesday-Blitz-January-30-2024"]
[Site "Chess.com"]
[Date "2024.01.30"]
[Round "7"]
[White "MatthewG-p4p"]
[Black "Sina_Movahed"]
[Result "1-0"]
[WhiteElo "2884"]
[BlackElo "3027"]
[TimeControl "180+1"]
[EndTime "9:20:10 PST"]
[Termination "MatthewG-p4p won by checkmate"]

1. e4 c5 2. c3 Nf6 3. e5 Nd5 4. Nf3 e6 5. Bc4 Nc6 6. d4 cxd4 7. cxd4 d6 8. O-O Be7 9. Bd2 O-O 10. Nc3 Nxc3 11.
Bxc3 dxe5 12. dxe5 Qc7 13. Qe2 a6 14. Rac1 b5 15.
Bd3 Bb7 16. Qe4 g6 17. Qg4 Rfd8 18. Be4 Qb6 19. h4 b4 20. Bd2 h5 21. Qg3 Nd4 22.
Nxd4 Rxd4 23. Bxb7 Qxb7 24. Bf4 Rad8 25. Rfe1 R8d7 26.
Re2 Qd5 27. Kh2 Qxa2 28. Rc8+ Kg7 29. Bg5 Qd5 30. Bxe7 f5 31. Bf6+ Kf7 32. Rh8 Rg4 33.
Qf3 Qxf3 34. gxf3 Rc4 35. Rh7+ Ke8 36. Rh8+ Kf7 37. Kg3 a5 38. b3 Rc3 39. Ra2 f4+ 40. Kxf4 Rd4+ 41. Kg5 Rc5 42. Rh7+ Ke8 43. Kxg6 Rd3 44.
Re7+ Kd8 45. Rxe6+ Kd7 46. Re7+ Kc6 47. Ra7 Kb6 48.
Ra8 Rxf3 49. Rb8+ Kc7 50. Ra8 Kb6 51. R8xa5 Rxa5 52. Bd8+ Kb5 53. Rxa5+ Kc6 54. Bg5 Rxb3 55. e6 Rb1 56. e7 Re1 57. Be3 Rg1+ 58. Kf7 b3 59.
e8=Q+ Kb7 60. Qd7+ Kb8 61. Bf4# 1-0

[Event "Early-Titled-Tuesday-Blitz-January-30-2024"]
[Site "Chess.com"]
[Date "2024.01.30"]
[Round "7"]
[White "Harry_Rakkel"]
[Black "Alexander_Donchenko"]
[Result "0-1"]
[WhiteElo "2713"]
[BlackElo "2938"]
[TimeControl "180+1"]
[EndTime "9:20:11 PST"]
[Termination "Alexander_Donchenko won on time"]

1. e4 a6 2. d4 g6 3. f4 Bg7 4.
Be3 b5 5. Bd3 Bb7 6. Nd2 d6 7.
Ngf3 Nf6 8. c3 Nbd7 9. Qe2 O-O 10.
O-O c5 11. Kh1 cxd4 12. cxd4 Rc8 13. f5 Nb6 14. b3 Rc3 15. Rad1 Nbd7 16. Bb1 Qa8 17. Bg1 Ne8 18. e5 Nc7 19. Ne4 Rxf3 20. Rxf3 dxe5 21. Rg3 Nd5 22. dxe5 Bxe5 23. Rf3 N7f6 24.
Qf1 Rc8 25. fxg6 hxg6 26. Re1 Kg7 27. Nxf6 exf6 28. Be4 Rh8 29. h3 Rh4 30. Bxd5 Bxd5 31. Rd3 Be4 32. Rde3 Bf5 33. Bh2 Bd4 34. Rf3 Be4 35.
Rf4 Rxf4 36. Bxf4 Qc6 37. Kh2 b4 38. Qe2 f5 39. Rc1 Qf6 40. Qd2 a5 41. Rd1 Bc3 42.
Qd6 Qxd6 43. Rxd6 Bb1 44. Ra6 Bxa2 45. Rxa5 Bxb3 46. Rb5 Bc4 47. Rb6 b3 48. Bd6 Be6 49. Ba3 Bd4 50. Rb5 Kf6 51. Kh1 Bc3 52. Rc5 Bd4 53.
Rb5 Kg5 54. Rb4 Bc5 55. Bc1+ Kf6 56. Rb5 Bd4 57. Rb4 Ke5 58. Rb5+ Ke4 59. Rb4 Kd3 60.
Ba3 Bc3 61. Rb6 Kc2 0-1

[Event "Early-Titled-Tuesday-Blitz-January-30-2024"]
[Site "Chess.com"]
[Date "2024.01.30"]
[Round "7"]
[White "picturesquecheck"]
[Black "Kunalm64"]
[Result "0-1"]
[WhiteElo "2358"]
[BlackElo "2549"]
[TimeControl "180+1"]
[EndTime "9:20:13 PST"]
[Termination "Kunalm64 won by resignation"]

1. Nf3 Nf6 2. d4 e6 3. g3 b5 4. Bg2 Bb7 5. O-O Be7 6. a4 b4 7.
c4 bxc3 8. Nxc3 O-O 9. Re1 d5 10. Ne5 c5 11. e3 a5 12. b3 Nc6 13. Nxc6 Bxc6 14. Bb2 Rb8 15. dxc5 Bxc5 16. Rc1 Qe7 17. Qc2 Bb4 18. Red1 Rfc8 19. Na2 Bd6 20. Bc3 Bd7 21. Qd2 Rxb3 22. Bxa5 Rxc1 23. Rxc1 Bxa4 24. Rc8+ Be8 25. h3 Qb7 26. Rc2 h5 27. Bc3 Be7 28. Bf3 Ne4 29.
Bxe4 dxe4 30. Kh1 Bb5 31. Nc1 Rb1 32. Kg2 Bd3 33. Rb2 Rxb2 34. Qxb2 Qxb2 35. Bxb2 Bc4 36. Bc3 Bc5 37. Bd2 f5 38. f3 exf3+ 39. Kxf3 g5 40. Kf2 Kf7 41. Ne2 e5 42. Ng1 g4 43. hxg4 hxg4 44.
Ne2 Ke6 45. Nc3 f4 46. Na4 Ba7 47. Nb2 Bb5 48. Nd1 Kf5 49. Nc3 Bd3 50. Nd5 Bc5 51. gxf4 Be4 52. Nc3 exf4 53. Ne2 f3 54. Ng3+ Ke5 55.
Bc3+ Kd5 56. Bd2 Bg6 57. Bc3 Kc4 58. Bd2 Kd3 59. Bc1 Bb4 60. Bb2 Bc5 61. Bc1 Bd6 62. Bb2 Bxg3+ 63. Kxg3 Ke2 64. Kxg4 f2 65. Kg5 Bd3 0-1

[Event "Early-Titled-Tuesday-Blitz-January-30-2024"]
[Site "Chess.com"]
[Date "2024.01.30"]
[Round "7"]
[White "monomita"]
[Black "DvaHrasta"]
[Result "1-0"]
[WhiteElo "2768"]
[BlackElo "2539"]
[TimeControl "180+1"]
[EndTime "9:20:15 PST"]
[Termination "monomita won on time"]

1. d4 Nf6 2. c4 e6 3. g3 d5 4.
Bg2 Bb4+ 5. Nd2 O-O 6. Nf3 c6 7. O-O b5 8. cxb5 cxb5 9. Nb3 a5 10. Ne5 a4 11. Nc5 Bxc5 12. dxc5 Nfd7 13. Nxd7 Nxd7 14. Be3 Bb7 15. Rc1 Bc6 16. f4 b4 17. Qd2 Qa5 18.
Bd4 b3 19. Qxa5 Rxa5 20. axb3 axb3 21. Rf3 Rb8 22. Rd3 f5 23. e3 Kf7 24. Bf3 Nf6 25.
Bd1 Rab5 26. Rcc3 Ne4 27. Rxb3 Ra8 28. Rxb5 Bxb5 29. Ra3 Rxa3 30. bxa3 g6 31. a4 Bc4 32.
a5 Ke7 33. Ba4 Kd8 34. Bc6 Ba6 35. Kg2 Nd2 36. Kf2 Nb3 37. Ba4 Nxa5 38. c6 Nc4 39. g4 fxg4 40. Kg3 Bc8 41. Bf6+ Kc7 42. Kxg4 e5+ 43. Kg5 exf4 44. exf4 Nb6 45. Be5+ Kd8 46. c7+ Ke7 47. Bc6 Be6 48. Bd4 Nc8 49. Bc5+ Kf7 50.
Kh6 Ne7 51. Bxe7 Kxe7 52. Bxd5 Bc8 53. Kxh7 Kd6 54. Be4 Kxc7 55. Bxg6 Kd6 56. Kg7 Bh3 57. Kf6 Kd7 58. Bf5+ 1-0

[Event "Early-Titled-Tuesday-Blitz-January-30-2024"]
[Site "Chess.com"]
[Date "2024.01.30"]
[Round "7"]
[White "Ron_Weasley_Chess"]
[Black "karinachess1"]
[Result "0-1"]
[WhiteElo "2433"]
[BlackElo "2622"]
[TimeControl "180+1"]
[EndTime "9:20:15 PST"]
[Termination "karinachess1 won by checkmate"]

1. Nf3 Nf6 2. g3 g6 3. Bg2 Bg7 4. O-O O-O 5. c4 d6 6. Nc3 e5 7. d3 Nc6 8. Rb1 a5 9. a3 h6 10. b4 Be6 11. b5 Ne7 12. e4 Qd7 13. Ne1 Bh3 14. Nc2 Nh5 15. Ne3 Bxg2 16. Kxg2 f5 17.
exf5 Nxf5 18. Nxf5 Qxf5 19. Nd5 Qf7 20. Qg4 c6 21.
Nb6 Rad8 22. Bd2 Nf6 23. Qe2 Rde8 24. f3 d5 25. Bxa5 Qe6 26. bxc6 bxc6 27. Bb4 Rf7 28. a4 e4 29. fxe4 dxe4 30. Rbe1 Rb7 31. a5 Qe5 32. Qf2 e3 33. Qf3 Rf7 34. Qxc6 Re6 35. Qc8+ Re8 36.
Qc6 Re6 37. Qf3 Qb2+ 38. Re2 Qxb4 39. Nd5 Qxa5 40. Rxe3 Rxe3 41. Nxe3 Qd8 42. Nd5 Qf8 43. Nxf6+ Rxf6 44. Qd5+ Kh7 45. Rxf6 Qxf6 46. c5 Qb2+ 47. Kh3 Qd4 48. Qxd4 Bxd4 49. c6 Be5 50. Kg4 Kg7 51. d4 Bc7 52. h4 h5+ 53. Kg5 Bxg3 54. d5 Bd6 55. c7 Bxc7 56. d6 Bd8+ 57. Kf4 Kf6 58.
Ke4 Ke6 59. Kf4 Kxd6 60. Kg3 Ke5 61. Kh3 Kf4 62. Kh2 Kg4 63. Kg2 Kxh4 64. Kh2 Kg4 65. Kg2 h4 66. Kg1 Kg3 67. Kh1 h3 68. Kg1 g5 69.
Kh1 g4 70. Kg1 Kh4 71. Kh1 g3 72. Kg1 Kg4 73. Kh1 g2+ 74. Kg1 Bb6+ 75. Kh2 g1=Q# 0-1